 Dungeon Crawl Stone Soup version 0.16-b1 (webtiles) character file.

3670 wojtek the Basher (level 10, -3/63 HPs)
             Began as a Kobold Assassin on Mar 14, 2015.
             Was a Priest of Makhleb.
             Slain by an unseen horror (6 damage)
             ... on level 10 of the Dungeon.
             The game lasted 00:36:30 (14763 turns).

wojtek the Basher (Kobold Assassin)                Turns: 14763, Time: 00:36:30

Health: -3/63      AC:  6    Str: 10    XL:     10   Next: 34%
Magic:  20/20      EV: 23    Int:  9    God:    Makhleb [***...]
Gold:   324        SH:  0    Dex: 25    Spells: 0 memorised, 9 levels left

rFire  + . .     SeeInvis .     a - +1 whip (pain)
rCold  . . .     Clarity  .     c - +0 robe
rNeg   . . .     SustAb   .     (no shield)
rPois  .         Gourm    .     J - +0 helmet
rElec  +         Spirit   .     d - +0 cloak
rCorr  .         Warding  .     (no gloves)
rMut   +         Stasis   .     y - +1 pair of boots
MR     .....                    z - amulet of the Princeling {rMut rElec Dex+4 Stlth+}
Stlth  +++++.....               (no ring)
                                G - ring of protection from fire

@: not resistant to hostile enchantments, quite stealthy
A: carnivore 3
a: Minor Destruction, Lesser Servant of Makhleb, Renounce Religion


You were on level 10 of the Dungeon.
You worshipped Makhleb.
Makhleb was most pleased with you.
You were full.

You visited 2 branches of the dungeon, and saw 11 of its levels.
You also visited: Ossuary.

You collected 324 gold pieces.

Inventory:

Hand weapons
 a - a +1 whip of pain (weapon)
 b - a +0 blowgun
 o - a +1 hand crossbow of freezing
 v - a +2 whip of venom
 A - a +0 whip of electrocution
 C - a +0 whip of pain
 H - a +2 dagger
Missiles
 e - 32 poisoned needles
 f - 2 curare-tipped needles
Armour
 c - a +0 robe (worn)
 d - a +0 cloak (worn)
 y - a +1 pair of boots (worn)
 J - a +0 helmet (worn)
Magical staves
 M - an uncursed staff of earth
Jewellery
 z - the amulet of the Princeling (around neck) {rMut rElec Dex+4 Stlth+}
   (You found it on level 4 of the Dungeon)

   [amulet of resist mutation]

   It protects you from mutation.
   It affects your dexterity (+4).
   It insulates you from electricity.
   It makes you more stealthy.
 G - a ring of protection from fire (left hand)
Magical devices
 K - a wand of digging (12)
Scrolls
 i - 3 scrolls of identify
 k - a scroll of recharging
 q - a scroll of magic mapping
 r - a scroll of fog
 s - 2 scrolls of teleportation {unknown}
 w - 2 scrolls of enchant armour
 B - 3 scrolls of remove curse
 N - a scroll of immolation
 P - a scroll of noise
Potions
 j - 2 potions of curing
 l - a potion of flight
 m - a potion of ambrosia
 p - 5 potions of restore abilities
 t - a potion of agility {unknown}
 u - a potion of mutation {unknown}
 x - a potion of brilliance {unknown}
 D - a potion of invisibility {unknown}
 E - a potion of degeneration {unknown}
 L - a potion of cure mutation {unknown}
Comestibles
 g - 7 meat rations
 h - 4 beef jerkies
 n - 6 slices of pizza
 F - a royal jelly


   Skills:
 + Level 7.3 Fighting
 - Level 6.0 Short Blades
 + Level 8.1 Maces & Flails
 - Level 2.6 Throwing
 + Level 7.4 Dodging
 - Level 5.3 Stealth
 + Level 6.7 Invocations


You had 9 spell levels left.
You didn't know any spells.

Dungeon Overview and Level Annotations

Branches:
Dungeon (10/15)            Temple (1/1) D:5
   Lair: D:8-11         Orc: D:9-12

Altars:
Ashenzari
Cheibriados
Dithmenos
Elyvilon
Fedhas
Gozag
Kikubaaqudgha
Makhleb
Nemelex Xobeh
Okawaru
Qazlal
Ru
Sif Muna
Trog
Vehumet
Xom
Yredelemnul
Zin
The Shining One

Shops:
D:7 (

Annotations:
D:4 exclusion: downstairs
D:6 wraith
D:8 Joseph
D:9 exclusions: 2 killer bees and 1 more exclusion


Innate Abilities, Weirdness & Mutations

You are small and have problems with some larger weapons.
You are carnivorous and can eat meat at any time.


Message History

The puff of flame misses you.
An orc wizard appears from thin air!
Reactivating autopickup.
The orc wizard gestures at you while chanting.
The puff of frost misses you.
There is an escape hatch in the floor here.
You slide downwards.
The hatch slams shut behind you.
A hippogriff, a crimson imp and a wraith come into view.
The helpless crimson imp fails to defend itself.
You hit the crimson imp.
The crimson imp is lightly wounded.
The crimson imp closely misses you. The crimson imp puffs mist at you.
Found a stone staircase leading down.
Something hits you!
* * * LOW HITPOINT WARNING * * *
Deactivating autopickup; reactivate with Ctrl-A.
Found a ring mail.
You hit something but do no damage. Something hits you.
You die...

#[# #.# #.# ..>
#.. #.# #.# #.#
#@# #5# #.#
.#.######.#
W..........##.###
.#...H.........#
#.............#.#
##############


You could see a crimson imp.

Vanquished Creatures
  Pikel (D:4)
  An octopode (shapeshifter) (D:7)
  A wyvern (D:9)
  A slave (D:4)
  2 orc warriors (D:7)
  A water moccasin (D:5)
  A black bear (D:7)
  3 sky beasts
  2 centaurs
  3 ogres
  A phantom (D:7)
  An eye of draining (D:9)
  Duvessa (D:7)
  3 killer bees (D:7)
  A water moccasin skeleton (D:7)
  3 crimson imps
  A giant frog zombie (D:9)
  Dowan (D:8)
  2 goliath beetles (D:7)
  A giant frog skeleton (D:5)
  4 hounds
  2 iguanas (D:4)
  A jelly (D:8)
  3 orc priests (D:7)
  5 orc wizards
  Natasha (thrice) (D:3)
  6 worker ants
  Terence (D:3)
  A mummy (Ossuary)
  Robin (D:4)
  9 adders
  2 giant mites
  6 gnolls
  2 shadow imps
  2 giant geckos
  An ooze (D:3)
  30 orcs
  4 giant cockroaches
  18 hobgoblins
  7 jackals
  10 quokkas
  3 ball pythons
  10 bats
  A giant cockroach zombie (D:5)
  A giant gecko zombie (D:5)
  5 giant newts
  9 gnoll skeletons (Ossuary)
  22 goblins
  12 kobolds
  6 kobold skeletons (Ossuary)
  10 orc skeletons (Ossuary)
  A quokka zombie (D:7)
  7 rats
236 creatures vanquished.

Vanquished Creatures (others)
  A scorpion (D:4)
  An orc wizard (D:4)
  A ball python (D:4)
  A kobold (D:4)
4 creatures vanquished.

Grand Total: 240 creatures vanquished

Notes
Turn   | Place    | Note
--------------------------------------------------------------
     0 | D:1      | wojtek, the Kobold Assassin, began the quest for the Orb.
     0 | D:1      | Reached XP level 1. HP: 12/12 MP: 1/1
   262 | D:1      | Reached XP level 2. HP: 17/17 MP: 2/2
  1270 | D:2      | Reached XP level 3. HP: 21/21 MP: 3/3
  1527 | D:2      | Reached skill level 5 in Short Blades
  1527 | D:2      | Reached XP level 4. HP: 17/26 MP: 4/4
  2368 | D:3      | Found a sparkling altar of Nemelex Xobeh.
  2450 | D:3      | Reached skill level 6 in Short Blades
  2682 | D:3      | Noticed Terence
  3007 | D:3      | Reached skill level 1 in Maces & Flails
  3007 | D:3      | Reached XP level 5. HP: 30/30 MP: 5/5
  3288 | D:3      | Noticed Natasha
  3332 | D:3      | Noticed Robin
  3916 | D:4      | Got a glittering copper amulet
  3917 | D:4      | Identified the amulet of the Princeling {rMut rElec Dex+4 Stlth+} (You found it on level 4 of the Dungeon)
  4032 | D:4      | Noticed a slave
  4080 | D:4      | Noticed Pikel
  4080 | D:4      | Noticed a slave
  4080 | D:4      | Noticed a slave
  4224 | D:4      | Reached XP level 6. HP: 32/35 MP: 6/6
  5100 | D:5      | Entered Level 5 of the Dungeon
  5104 | D:5      | Found a staircase to the Ecumenical Temple.
  5161 | D:5      | Reached XP level 7. HP: 24/40 MP: 7/7
  5386 | Temple   | Entered the Ecumenical Temple
  5502 | Temple   | Became a worshipper of Makhleb the Destroyer
  5547 | D:5      | Reached skill level 5 in Maces & Flails
  6329 | D:4      | Killed Robin
  6496 | D:3      | Killed Natasha
  6496 | D:3      | Reached skill level 1 in Invocations
  6664 | D:3      | Noticed Natasha
  6687 | D:3      | Killed Natasha
  6687 | D:3      | Acquired Makhleb's first power
  6754 | D:3      | Noticed Natasha
  6766 | D:3      | Killed Natasha
  6828 | D:3      | Killed Terence
  6974 | D:4      | Killed a slave
  7153 | D:4      | Killed Pikel
  7153 | D:4      | Reached XP level 8. HP: 44/48 MP: 8/11
  7197 | D:4      | Noticed a freed slave
  7433 | D:4      | Found a glowing silver altar of Zin.
  7667 | D:5      | Noticed a water moccasin
  7674 | D:5      | Noticed an ice beast
  7701 | D:5      | Killed a water moccasin
  8485 | D:5      | Found an iron altar of Okawaru.
  8703 | D:6      | Found a sand-covered staircase.
  8711 | D:6      | Reached XP level 9. HP: 53/53 MP: 15/15
  8729 | Ossuary  | Entered an ossuary
  8750 | Ossuary  | Acquired Makhleb's second power
  9346 | D:6      | Found a basalt altar of Yredelemnul.
  9578 | D:7      | Reached skill level 5 in Fighting
  9603 | D:7      | Reached skill level 5 in Dodging
  9951 | D:7      | Acquired Makhleb's third power
 10066 | D:7      | Found Vyeskytyn's Antique Weapon Shop.
 10149 | D:7      | Reached skill level 5 in Invocations
 10228 | D:7      | Found a shimmering altar of Xom.
 10228 | D:7      | Found a shimmering altar of Xom.
 10357 | D:7      | Reached skill level 7 in Maces & Flails
 11159 | D:7      | Noticed an elf
 11171 | D:8      | Noticed Duvessa
 11171 | D:8      | Noticed Dowan
 11171 | D:8      | Noticed Joseph
 11181 | D:7      | Noticed a hornet
 11181 | D:7      | Noticed a fire crab
 11181 | D:7      | a hornet changed into a fire crab
 11187 | D:7      | Noticed a queen bee
 11256 | D:8      | Killed Dowan
 11350 | D:7      | Killed Duvessa
 12190 | D:8      | Paralysed by Joseph for 4 turns
 12446 | D:8      | Reached XP level 10. HP: 61/61 MP: 17/18
 12470 | D:7      | Noticed an octopode
 12486 | D:7      | Killed an octopode
 12824 | D:7      | Noticed a black mamba
 12878 | D:7      | Noticed a harpy
 12878 | D:7      | a black bear changed into a harpy
 13193 | D:7      | Reached skill level 8 in Maces & Flails
 14722 | D:9      | HP: 2/63 [orc warrior/enchanted short sword (15)]
 14756 | D:10     | Entered Level 10 of the Dungeon
 14762 | D:10     | HP: 2/63 [something (7)]
 14763 | D:10     | Slain by an unseen horror

Action                   |  1- 3 |  4- 6 |  7- 9 | 10-12 || total
-------------------------+-------+-------+-------+-------++-------
Melee: Dagger            |   101 |   196 |    32 |     6 ||   335
       Whip              |       |    26 |   675 |   160 ||   861
 Fire: Blowgun           |       |    17 |    79 |    29 ||   125
  Use: Potion            |       |       |     8 |     1 ||     9
       Scroll            |       |       |    15 |       ||    15
 Stab: Sleeping          |     8 |    10 |    14 |     4 ||    36
       Distracted        |       |     3 |    10 |     2 ||    15
  Eat: Chunk             |    10 |    11 |    21 |     8 ||    50
